AoeStats
← Souk à Belettes

Arabia

508072830Analyzed
2v2 RM · 11d ago on Sep 20, 2026· 33m 55s· 4 players
Game mode
Random Map
Map size
Medium (4 player)
Population
200
Speed
Normal
Resources
Standard
Victory
Conquest
Starting age
Dark Age
Ending age
Imperial Age
RankedLock teamsTeams togetherTeam positionsShared explorationLock speedFull tech treeHidden civsTurbo modeCheats
Victory
Defeat
🇧🇷 Ethiopians · Brazil
1096
+16
🇧🇷 Magyars · Brazil
1095
+16
🇨🇭 Franks · Switzerland
1158
-18
🇫🇷 Wu · France
1042
-14
Thay_ragnar
7:06 Loom
9:32 Feudal Age
10:01 Double-Bit Axe
10:06 Horse Collar
18:08 Wheelbarrow
22:27 Castle Age
21:01 Scale Barding Armor
22:01 Bloodlines
23:31 Bow Saw
23:31 Gold Mining
25:29 Chain Barding Armor
LEVIR NERES
7:09 Loom
10:00 Feudal Age
10:33 Double-Bit Axe
15:21 Horse Collar
21:51 Castle Age
19:45 Gold Mining
20:08 Fletching
21:48 Padded Archer Armor
21:54 Crossbowman
22:40 Thumb Ring
23:56 Wheelbarrow
25:02 Bow Saw
27:47 Bodkin Arrow
32:42 Forging
Souk à Belettes
6:13 Loom
9:20 Feudal Age
9:51 Double-Bit Axe
25:21 Castle Age
26:03 Scale Barding Armor
26:10 Forging
26:32 Bow Saw
27:46 Chain Barding Armor
30:36 Gold Mining
Delta3
8:07 Loom
10:55 Feudal Age
19:22 Double-Bit Axe
22:17 Castle Age
20:17 Fletching
23:18 Horse Collar
24:27 Forging
24:22 Scale Mail Armor
26:04 Pikeman
Connection lost

Rejoining the realm…

Still unreachable

The connection could not be restored.

Session expired

The server has moved on; the page needs a fresh start.